 Dungeon Crawl Stone Soup version 0.30.0-18-gc0e69614cb (webtiles) character file.

Game seed: 9519074288560019412

1320 ChrisAssaf the Ducker (level 8, -2/64 HPs)
             Began as a Gnoll Gladiator on May 25, 2023.
             Was a Believer of Makhleb.
             Slain by an ice beast (8 damage)
             ... on level 5 of the Dungeon.
             The game lasted 00:13:44 (4122 turns).

ChrisAssaf the Ducker (Gnoll Gladiator)             Turns: 4122, Time: 00:13:44

Health: -2/64      AC:  7    Str: 15    XL:     8   Next: 59%
Magic:  13/13      EV: 15    Int:  9    God:    Makhleb [**....]
Gold:   365        SH:  0    Dex: 19    Spells: 13/14 levels left

rFire   . . .        v - +5 quarterstaff (chaos)
rCold   . . .        (shield currently unavailable)
rNeg    . . .        k - +1 ring mail of the Majestic God {rElec}
rPois   .            c - +0 helmet
rElec   +            (no cloak)
rCorr   .            (no gloves)
SInv    .            (no boots)
Will    .....        (no amulet)
Stlth   ++           q - +6 ring of dexterity
HPRegen 0.30/turn    (no ring)
MPRegen 0.13/turn

%: no passive effects
@: no status effects
A: fangs 1, strong nose, distributed training
a: Renounce Religion, Minor Destruction


You were on level 5 of the Dungeon.
You worshipped Makhleb.
Makhleb was pleased with you.
You visited 1 branch of the dungeon, and saw 5 of its levels.

You collected 365 gold pieces.

Inventory:

Hand Weapons
 v - a +5 quarterstaff of chaos (weapon)
Missiles
 d - a throwing net (quivered)
 e - a javelin
 w - 4 poisoned darts
Armour
 b - a +0 leather armour
 c - a +0 helmet (worn)
 k - the +1 ring mail of the Majestic God (worn) {rElec}
   (You found it on level 2 of the Dungeon)

   rElec:     It insulates you from electricity.
Jewellery
 q - a +6 ring of dexterity (left hand)
Wands
 t - a wand of polymorph (11)
 u - a wand of digging (5)
 y - a wand of flame (2)
Scrolls
 a - a scroll of noise
 f - 2 scrolls of silence
 i - 3 scrolls of teleportation
 m - 2 scrolls of amnesia
 n - 3 scrolls of vulnerability
 r - a scroll of fear {unknown}
Potions
 h - a potion of magic {unknown}
 j - a potion of ambrosia {unknown}
 l - a potion of might
 o - a potion of lignification {unknown}
 p - a potion of degeneration {unknown}
 s - a potion of attraction {unknown}
 x - a potion of invisibility {unknown}


   Skills:
 + Level 5.8 Fighting
 + Level 3.5 Short Blades
 + Level 3.5 Long Blades
 + Level 3.5 Axes
 + Level 3.5 Maces & Flails
 + Level 3.5 Polearms
 + Level 7.5 Staves
 + Level 3.5 Ranged Weapons
 + Level 5.8 Throwing
 + Level 3.5 Armour
 + Level 7.5 Dodging
 + Level 3.5 Stealth
 + Level 3.5 Shields
 + Level 3.5 Unarmed Combat
 + Level 3.5 Spellcasting
 + Level 2.9 Conjurations
 + Level 2.9 Hexes
 + Level 2.9 Summonings
 + Level 2.9 Necromancy
 + Level 2.9 Translocations
 + Level 2.9 Transmutations
 + Level 2.9 Fire Magic
 + Level 2.9 Ice Magic
 + Level 2.9 Air Magic
 + Level 2.9 Earth Magic
 + Level 2.9 Poison Magic
 + Level 3.9 Invocations
 + Level 3.5 Evocations


You had 13 spell levels left.
You knew the following spells:

 Your Spells              Type           Power      Damage    Failure   Level
a - Necrotise             Necr           24%        1d5       17%         1

Your spell library contained the following spells:

 Spells                   Type           Power      Damage    Failure   Level
 Vampiric Draining        Necr           6%         2d6       45%         3
 Agony                    Necr           6%         N/A       99%         5


Dungeon Overview and Level Annotations

Branches:
Dungeon (5/15)
 Temple: D:4-7

Altars:
Elyvilon
Makhleb
Yredelemnul

Shops:
D:2 :

Annotations:
D:4 1 runed translucent door, Mangosteen's ghost, novice KoBr
D:5 2 runed translucent doors, wolfgangpup's ghost, novice DECj


Innate Abilities, Weirdness & Mutations

You have very sharp teeth.
Your uncanny sense of smell can sniff out nearby items.
Your experience applies equally to all skills.


Message History

You kill the iguana!
Makhleb accepts your kill.
You start resting.
You are no longer corroded.
You start resting.
You feel a little less mighty now.
You start resting.
An ice beast comes into view.
An ice beast is nearby!
Aiming: Throw Flame
Press: ? - help, Shift-Dir - straight line, f - ice beast
Aim: an ice beast (wandering, hasn't noticed you, 71% to hit)
The puff of flame misses the ice beast.
Aiming: Throw Flame
Press: ? - help, Shift-Dir - straight line, f/p - ice beast
Aim: an ice beast (71% to hit)
The puff of flame hits the ice beast.
The ice beast melts!
The ice beast is lightly wounded.
An ice beast is nearby!
Aiming: Throw Flame
Press: ? - help, Shift-Dir - straight line, f/p - ice beast
Aim: an ice beast (lightly wounded, 71% to hit)
The puff of flame hits the ice beast!
The ice beast melts!
The ice beast is heavily wounded.
Unknown command.
You barely miss the ice beast.
The ice beast is heavily wounded.
The ice beast hits you but does no damage.
You hit the ice beast.
You melt the ice beast.
The ice beast is severely wounded.
The ice beast hits you.
* * * LOW HITPOINT WARNING * * *
The ice beast freezes you!
* * * LOW HITPOINT WARNING * * *
You hit the ice beast but do no damage.
The ice beast is severely wounded.
The ice beast hits you.
* * * LOW HITPOINT WARNING * * *
The ice beast freezes you!
You die...

####### #.# #.# ......# #.#
.#.# #####.# #.# #.#.# #.#
#.###### #.#.# #†#
#.##...###.#.#
#.###.#..#.....#.# ∆
#####.......~#.###.#.#
.....#####.~~#.###.#.#
####.#.....~8#..@Y...#######.
####.#.###.~~#.###.#.........
.....# ...~#.# #.#...######
.....# .....#.###.#.#...#
.....# #....#..##...####.#
.....# #......##..§..# .#
.....# #..#.###.§≈≈≈..# #
.....# #.§§≈≈§≈..# ....##
#.l§§§§§§§...


You could see an ice beast.

Vanquished Creatures
  Pikel (D:4)
  Grinder (D:5)
  An ogre (D:5)
  4 killer bees (D:5)
  2 hounds (D:5)
  Crazy Yiuf (D:3)
  2 jellies
  2 iguanas
  Ijyb (D:4)
  Robin (D:4)
  8 adders
  An ufetubus (D:5)
  A worm (D:2)
  2 dart slugs
  2 orcs (D:4)
  2 bats
  3 endoplasms
  5 giant cockroaches
  13 goblins
  12 hobgoblins
  9 jackals
  4 kobolds
  4 quokkas
  3 ball pythons
  5 frilled lizards
  4 rats
94 creatures vanquished.

Notes
Turn   | Place    | Note
-------+----------+-------------------------------------------
     0 | D:1      | ChrisAssaf the Gnoll Gladiator began the quest for the Orb.
     0 | D:1      | Reached XP level 1. HP: 20/20 MP: 1/1
    77 | D:1      | Reached XP level 2. HP: 26/26 MP: 2/2
   301 | D:2      | Reached XP level 3. HP: 31/31 MP: 3/3
   327 | D:2      | Identified the +1 ring mail of the Majestic God {rElec}
   560 | D:3      | Reached skill level 1 in Invocations
   578 | D:3      | Found a burning altar of Makhleb.
   611 | D:3      | Reached skill level 1 in Short Blades
   611 | D:3      | Reached skill level 1 in Long Blades
   611 | D:3      | Reached skill level 1 in Axes
   611 | D:3      | Reached skill level 1 in Maces & Flails
   611 | D:3      | Reached skill level 1 in Polearms
   611 | D:3      | Reached skill level 1 in Ranged Weapons
   611 | D:3      | Reached skill level 1 in Armour
   611 | D:3      | Reached skill level 1 in Stealth
   611 | D:3      | Reached skill level 1 in Shields
   611 | D:3      | Reached skill level 1 in Unarmed Combat
   611 | D:3      | Reached skill level 1 in Spellcasting
   611 | D:3      | Reached skill level 1 in Evocations
   644 | D:3      | Became a worshipper of Makhleb the Destroyer
   842 | D:3      | Found a white marble altar of Elyvilon.
   882 | D:3      | Found a runed translucent door.
   883 | D:3      | Noticed Crazy Yiuf
   892 | D:3      | Killed Crazy Yiuf
   893 | D:3      | Reached skill level 1 in Conjurations
   893 | D:3      | Reached skill level 1 in Hexes
   893 | D:3      | Reached skill level 1 in Summonings
   893 | D:3      | Reached skill level 1 in Necromancy
   893 | D:3      | Reached skill level 1 in Translocations
   893 | D:3      | Reached skill level 1 in Transmutations
   893 | D:3      | Reached skill level 1 in Fire Magic
   893 | D:3      | Reached skill level 1 in Ice Magic
   893 | D:3      | Reached skill level 1 in Air Magic
   893 | D:3      | Reached skill level 1 in Earth Magic
   893 | D:3      | Reached skill level 1 in Poison Magic
   893 | D:3      | Reached XP level 4. HP: 38/38 MP: 5/5
  1255 | D:2      | Found Rafumaca's Book Boutique.
  1287 | D:2      | Learned a level 1 spell: Necrotise
  1803 | D:1      | Reached XP level 5. HP: 43/43 MP: 7/7
  1804 | D:1      | Reached * piety under Makhleb
  2180 | D:4      | Noticed Robin
  2189 | D:4      | Killed Robin
  2373 | D:4      | Found a basalt altar of Yredelemnul.
  2494 | D:4      | Found a runed translucent door.
  2496 | D:4      | Noticed Mangosteen's ghost (novice KoBr)
  2736 | D:4      | Noticed Ijyb
  2746 | D:4      | Killed Ijyb
  2848 | D:4      | Noticed a lemure
  2954 | D:4      | Reached XP level 6. HP: 41/50 MP: 8/8
  3045 | D:4      | Noticed Pikel
  3059 | D:4      | Killed Pikel
  3060 | D:4      | Reached skill level 5 in Fighting
  3060 | D:4      | Reached skill level 5 in Throwing
  3060 | D:4      | Reached XP level 7. HP: 24/56 MP: 8/11
  3445 | D:5      | Entered Level 5 of the Dungeon
  3582 | D:5      | Reached ** piety under Makhleb
  3585 | D:5      | Reached XP level 8. HP: 48/63 MP: 12/12
  3826 | D:5      | Noticed Grinder
  3836 | D:5      | Paralysed by Grinder for 3 turns
  3849 | D:5      | Killed Grinder
  3904 | D:5      | Found a large runed translucent door.
  3904 | D:5      | Found a large runed translucent door.
  3906 | D:5      | Noticed wolfgangpup's ghost (novice DECj)
  4062 | D:5      | HP: 3/64 [poisoned by an adder]
  4122 | D:5      | Slain by an ice beast

Illustrated notes

Levels and vault maps discovered:
D:1:      roderic_crop_circles_arrival_small, layout_loops_ring, st_stairs_13,
          serial_bayou_pond_b, chequers_serial_rivers_room_b
D:2:      layout_loops_cross, serial_shops,
          nicolae_shop_temple_entry_statues_fountains, item_on_display_a
D:3:      layout_rooms, elyvilon_altar_3,
          mainiacjoe_overflow_concentric_impassable, kennysheep_generic_room_4,
          uniq_crazy_yiuf_cottage
D:4:      layout_loops_corners, lemuel_round_altar, ebering_ghost_sewer_d,
          uniq_robin, uniq_pikel, uniq_ijyb
D:5:      layout_basic, ebering_ghost_disaster_area, moated_statue,
          amcnicky_mini_pool_medium, uniq_grinder

Skill      XL: |  1  2  3  4  5  6  7 |
---------------+----------------------+-----
Invocations    | 1 2 3 |  3.9
Short Blades   | 1 2 3 |  3.5
Long Blades    | 1 2 3 |  3.5
Axes           | 1 2 3 |  3.5
Maces & Flails | 1 2 3 |  3.5
Polearms       | 1 2 3 |  3.5
Ranged Weapons | 1 2 3 |  3.5
Armour         | 1 2 3 |  3.5
Stealth        | 1 2 3 |  3.5
Shields        | 1 2 3 |  3.5
Unarmed Combat | 1 2 3 |  3.5
Spellcasting   | 1 2 3 |  3.5
Evocations     | 1 2 3 |  3.5
Conjurations   | 1 2 |  2.9
Hexes          | 1 2 |  2.9
Summonings     | 1 2 |  2.9
Necromancy     | 1 2 |  2.9
Translocations | 1 2 |  2.9
Transmutations | 1 2 |  2.9
Fire Magic     | 1 2 |  2.9
Ice Magic      | 1 2 |  2.9
Air Magic      | 1 2 |  2.9
Earth Magic    | 1 2 |  2.9
Poison Magic   | 1 2 |  2.9
Fighting       | 5 |  5.8
Staves         | 7 |  7.5
Throwing       | 5 |  5.8
Dodging        | 7 |  7.5

Action                     |  1- 3 |  4- 6 |  7- 9 || total
---------------------------+-------+-------+-------++-------
  Melee: Quarterstaff      |    82 |   105 |    47 ||   234
         Bite              |     8 |     7 |     7 ||    22
  Throw: Throwing net      |     1 |     2 |     1 ||     4
         Javelin           |       |     1 |     1 ||     2
  Evoke: Wand              |       |       |    13 ||    13
    Use: Scroll            |     3 |     5 |       ||     8
         Potion            |       |       |     3 ||     3
   Stab: Sleeping          |     2 |     2 |     1 ||     5
         Held in net/web   |     1 |     1 |       ||     2
         Paralysed         |       |     1 |       ||     1
         Confused          |       |       |     2 ||     2
 Armour: Leather armour    |     5 |       |       ||     5
         Ring mail         |    30 |    40 |    12 ||    82
  Dodge: Dodged            |    60 |    80 |    41 ||   181
